 Dungeon Crawl Stone Soup version 0.31-a0-986-g5e6e4ef867 (webtiles) character file.

Game seed: 12673611272216621803

1278 wildpjah the Ruffian (level 8, 0/61 HPs)
             Began as a Gnoll Shapeshifter on Nov 25, 2023.
             Was a Priest of Cheibriados.
             Engulfed by a steam dragon's steam (6 damage)
             ... on level 6 of the Dungeon.
             The game lasted 00:08:48 (4686 turns).

wildpjah the Ruffian (Gnoll Shapeshifter)           Turns: 4686, Time: 00:08:49

Health: 0/61       AC:  6    Str: 23    XL:     8   Next: 54%
Magic:  13/13      EV: 16    Int: 23    God:    Cheibriados [***...]
Gold:   234        SH:  0    Dex: 21    Spells: 12/13 levels left

rFire   . . .        u - +6 short sword (vamp)
rCold   . . .        (no shield)
rNeg    . . .        a - +0 animal skin
rPois   .            (helmet currently unavailable)
rElec   .            (cloak currently unavailable)
rCorr   .            (gloves currently unavailable)
SInv    .            (boots currently unavailable)
Will    .....        (no amulet)
Stlth   +++          f - +4 ring of protection
HPRegen 0.30/turn    n - +6 ring of intelligence
MPRegen 0.13/turn

%: no passive effects
@: beast-form, very slow
A: beast (slay +4), fangs 1, strong nose, distributed training
a: Begin Untransformation, Renounce Religion, Bend Time, Temporal Distortion


You were on level 6 of the Dungeon.
You worshipped Cheibriados.
Cheibriados was most pleased with you.
You were a hulking beast.
You visited 1 branch of the dungeon, and saw 6 of its levels.

You collected 350 gold pieces.
You spent 116 gold pieces at shops.

Inventory:

Hand Weapons
 u - a +6 vampiric short sword (weapon)
 z - a +0 whip of flaming
 C - a +2 whip of venom
Armour
 a - a +0 animal skin (worn)
 e - a +1 helmet
Jewellery
 f - a +4 ring of protection (left hand)
 n - a +6 ring of intelligence (right hand)
Talismans
 c - a beast talisman
 d - a flux talisman
 p - a talisman of death
Scrolls
 i - a scroll of acquirement {unknown}
 k - a scroll of amnesia {unknown}
 l - a scroll of identify {unknown}
 m - 2 scrolls of poison {unknown}
 o - a scroll of noise {unknown}
 r - 3 scrolls of fog {unknown}
 s - a scroll of immolation {unknown}
 x - a scroll of teleportation {unknown}
 y - a scroll of revelation {unknown}
 A - a scroll of fear {unknown}
 B - a scroll of blinking {unknown}
Potions
 b - 4 potions of lignification
 g - 3 potions of curing {unknown}
 h - a potion of ambrosia {unknown}
 j - a potion of enlightenment {unknown}
 q - a potion of degeneration {unknown}
 t - a potion of cancellation {unknown}
 v - a potion of heal wounds {unknown}
 w - 2 potions of attraction {unknown}


   Skills:
 + Level 4.3 Fighting
 + Level 3.4 Short Blades
 + Level 3.4 Long Blades
 + Level 3.4 Axes
 + Level 3.4 Maces & Flails
 + Level 3.4 Polearms
 + Level 3.4 Staves
 + Level 3.4 Ranged Weapons
 + Level 3.4 Throwing
 + Level 3.4 Armour
 + Level 5.8 Dodging
 + Level 3.4 Stealth
 + Level 3.4 Shields
 + Level 7.4 Unarmed Combat
 + Level 3.4 Spellcasting
 + Level 2.8 Conjurations
 + Level 2.8 Hexes
 + Level 2.8 Summonings
 + Level 2.8 Necromancy
 + Level 2.8 Translocations
 + Level 2.8 Transmutations
 + Level 2.8 Fire Magic
 + Level 2.8 Ice Magic
 + Level 2.8 Air Magic
 + Level 2.8 Earth Magic
 + Level 2.8 Poison Magic
 + Level 3.8 Invocations
 + Level 3.4 Evocations
 + Level 7.3 Shapeshifting


You had 12 spell levels left.
You knew the following spells:

 Your Spells              Type           Power      Damage    Failure   Level
a - Shock                 Conj/Air       64%        1d7       3%          1

Your spell library contained the following spells:

 Spells                   Type           Power      Damage    Failure   Level
 Ignite Poison            Fire/Tmut/Pois 16%        N/A       11%         3
 Swiftness                Air            16%        N/A       11%         3
 Airstrike                Air            8%         2d(2-18)  34%         4
 Sticky Flame             Conj/Fire      16%        2d4       34%         4
 Ignition                 Fire           8%         3d5       100%        8


Dungeon Overview and Level Annotations

Branches:
Dungeon (6/15)             Temple (0/1) D:4

Altars:
Cheibriados
Elyvilon
Gozag
Wu Jian
Yredelemnul

Shops:
D:4 (


Innate Abilities, Weirdness & Mutations

You are a hulking beast.
Your limbs bulge with bestial killing power. (Slay +4)
You have very sharp teeth.
Your uncanny sense of smell can sniff out nearby items.
Your experience applies equally to all skills.


Message History

A steam dragon is nearby!
A steam dragon comes into view.
You enter the shallow water.
Moving in this stuff is going to be slow.
The steam dragon misses you. The steam dragon barely misses you.
The steam dragon completely misses you. The steam dragon closely misses you.
You puncture the steam dragon!
You bite the steam dragon, but do no damage.
The steam dragon is moderately wounded.
The steam dragon hisses angrily.
The steam dragon breathes steam at you. The ball of steam hits you!
The steam dragon breathes steam at you. The ball of steam hits you!!
The steam dragon barely misses you.
The steam dragon claws you but does no damage.
The steam dragon bites you. The steam dragon misses you.
You puncture the steam dragon!
The steam dragon is almost dead.
You are engulfed in a cloud of scalding steam.
The steam dragon breathes steam at you. The ball of steam hits you!
* * * LOW HITPOINT WARNING * * *
The steam dragon bites you but does no damage.
The steam dragon barely misses you. The steam dragon barely misses you.
The steam dragon closely misses you. The steam dragon bites you!
* * * LOW HITPOINT WARNING * * *
The steam dragon claws you but does no damage.
The steam dragon breathes steam at you. The ball of steam misses you.
The steam dragon barely misses you. x2
The steam dragon bites you but does no damage.
The steam dragon claws you.
* * * LOW HITPOINT WARNING * * *
Unknown command.
You hit the steam dragon.
You feel better.
You kill the steam dragon!
Cheibriados appreciates the change of pace.
You are engulfed in a cloud of scalding steam.
You die...

#......>....# #~..#.#.....#..#...
#.##........# #^.~#.#.#..........
...#........# #~.P#.#........#.#.
#..#....##### #P..#....#.......#.
#..#....# ##~..#........#.###.
........######~~..~###.#..##.##..
............##^~.~.~##.##........
######......#~~..†.~.#...>##.....
....##......#P§§hD..^##########.#
....##......##......~# #.#
....##......##~....^## #..
....##......####§~§## ###
....##......# ##### #
....##......# # ....##......#
....# ..<.#


You could see a steam dragon (catching breath).

Vanquished Creatures
  Pikel (D:5)
  A steam dragon (D:6)
  A black bear (D:6)
  An ogre (D:5)
  A lemure (D:5)
  Blork the orc (D:6)
  3 scorpions
  A howler monkey (D:5)
  2 hounds
  A gnoll bouda (D:6)
  An orc priest (D:6)
  3 iguanas
  Natasha (D:4)
  An orc wizard (D:6)
  4 gnolls (D:6)
  5 adders
  2 ufetubi (D:6)
  2 worms
  A dart slug (D:4)
  7 orcs
  6 endoplasms
  3 giant cockroaches
  3 goblins (D:2)
  8 hobgoblins
  6 ball pythons
  3 bats
  A frilled lizard (D:2)
  4 kobolds
  3 rats
77 creatures vanquished.

Notes
Turn   | Place    | Note
-------+----------+-------------------------------------------
     0 | D:1      | wildpjah the Gnoll Shapeshifter began the quest for the
                  | Orb.
     0 | D:1      | Reached XP level 1. HP: 17/17 MP: 1/1
   105 | D:1      | Found a faded altar of an unknown god.
   120 | D:1      | Prayed at the altar of an unknown god.
   120 | D:1      | Became a worshipper of Cheibriados the Contemplative
   120 | D:1      | Reached * piety under Cheibriados
   457 | D:1      | Reached XP level 2. HP: 23/23 MP: 2/2
   652 | D:2      | Reached ** piety under Cheibriados
   758 | D:2      | Reached XP level 3. HP: 28/28 MP: 3/3
   847 | D:2      | Reached skill level 1 in Invocations
  1352 | D:3      | Found a snail-covered altar of Cheibriados.
  1470 | D:3      | Reached skill level 1 in Short Blades
  1470 | D:3      | Reached skill level 1 in Long Blades
  1470 | D:3      | Reached skill level 1 in Axes
  1470 | D:3      | Reached skill level 1 in Maces & Flails
  1470 | D:3      | Reached skill level 1 in Polearms
  1470 | D:3      | Reached skill level 1 in Staves
  1470 | D:3      | Reached skill level 1 in Ranged Weapons
  1470 | D:3      | Reached skill level 1 in Throwing
  1470 | D:3      | Reached skill level 1 in Armour
  1470 | D:3      | Reached skill level 1 in Stealth
  1470 | D:3      | Reached skill level 1 in Shields
  1470 | D:3      | Reached skill level 1 in Spellcasting
  1470 | D:3      | Reached skill level 1 in Evocations
  1886 | D:4      | Found a staircase to the Ecumenical Temple.
  1920 | D:4      | Reached XP level 4. HP: 34/34 MP: 5/5
  2261 | D:4      | Reached skill level 1 in Conjurations
  2261 | D:4      | Reached skill level 1 in Hexes
  2261 | D:4      | Reached skill level 1 in Summonings
  2261 | D:4      | Reached skill level 1 in Necromancy
  2261 | D:4      | Reached skill level 1 in Translocations
  2261 | D:4      | Reached skill level 1 in Transmutations
  2261 | D:4      | Reached skill level 1 in Fire Magic
  2261 | D:4      | Reached skill level 1 in Ice Magic
  2261 | D:4      | Reached skill level 1 in Air Magic
  2261 | D:4      | Reached skill level 1 in Earth Magic
  2261 | D:4      | Reached skill level 1 in Poison Magic
  2427 | D:4      | Found Bopn's Weapon Shop.
  2433 | D:4      | Learned a level 1 spell: Shock
  2433 | D:4      | Bought a +1 short sword of venom for 116 gold pieces
  2799 | D:4      | Noticed Natasha
  2807 | D:4      | Killed Natasha
  2808 | D:4      | Reached XP level 5. HP: 40/40 MP: 5/7
  2836 | D:4      | Found an ornate altar of the Wu Jian Council.
  2863 | D:5      | Entered Level 5 of the Dungeon
  2875 | D:5      | Noticed a lemure
  2882 | D:5      | Killed a lemure
  2910 | D:5      | Found a basalt altar of Yredelemnul.
  3075 | D:5      | Found an opulent altar of Gozag.
  3091 | D:5      | Noticed an ogre
  3099 | D:5      | Killed an ogre
  3099 | D:5      | Reached *** piety under Cheibriados
  3100 | D:5      | Reached XP level 6. HP: 12/47 MP: 4/8
  3110 | D:5      | Reached skill level 5 in Dodging
  3808 | D:5      | Noticed Pikel
  3816 | D:5      | Killed Pikel
  3817 | D:5      | Reached XP level 7. HP: 31/53 MP: 9/11
  4067 | D:6      | Noticed Blork the orc
  4129 | D:6      | Found a white marble altar of Elyvilon.
  4159 | D:6      | Reached XP level 8. HP: 60/60 MP: 12/12
  4629 | D:6      | Killed Blork the orc
  4684 | D:6      | HP: 3/61 [steam dragon (7)]
  4686 | D:6      | Engulfed by a steam dragon's steam

Illustrated notes

Levels and vault maps discovered:
D:1:      wander_arrival_chamber, layout_basic, dreamdust_ecumenical_altar_grove
D:2:      layout_loops_ring, minmay_hedge_maze
D:3:      layout_basic, slow_altar_1
D:4:      layout_basic, mainiacjoe_overflow_alcove_4, minmay_temple_entry_tees,
          serial_shops, nicolae_shop_behind_doors, kennysheep_generic_room_7,
          uniq_natasha
D:5:      layout_basic, mainiacjoe_overflow_24_doors,
          nicolae_overflow_hidden_temple, kennysheep_cluttered_room, uniq_pikel
D:6:      kennysheep_steamy, layout_basic, kennysheep_mini_moat,
          uniq_blork_the_orc

Skill      XL: |  1  2  3  4  5  6  7 |
---------------+----------------------+-----
Invocations    | 1 2 3 |  3.8
Short Blades   | 1 2 3 |  3.4
Long Blades    | 1 2 3 |  3.4
Axes           | 1 2 3 |  3.4
Maces & Flails | 1 2 3 |  3.4
Polearms       | 1 2 3 |  3.4
Staves         | 1 2 3 |  3.4
Ranged Weapons | 1 2 3 |  3.4
Throwing       | 1 2 3 |  3.4
Armour         | 1 2 3 |  3.4
Stealth        | 1 2 3 |  3.4
Shields        | 1 2 3 |  3.4
Spellcasting   | 1 2 3 |  3.4
Evocations     | 1 2 3 |  3.4
Conjurations   | 1 2 |  2.8
Hexes          | 1 2 |  2.8
Summonings     | 1 2 |  2.8
Necromancy     | 1 2 |  2.8
Translocations | 1 2 |  2.8
Transmutations | 1 2 |  2.8
Fire Magic     | 1 2 |  2.8
Ice Magic      | 1 2 |  2.8
Air Magic      | 1 2 |  2.8
Earth Magic    | 1 2 |  2.8
Poison Magic   | 1 2 |  2.8
Fighting       | 3 4 |  4.3
Dodging        | 5 |  5.8
Unarmed Combat | 7 |  7.4
Shapeshifting  | 7 |  7.3

Action                     |  1- 3 |  4- 6 |  7- 9 || total
---------------------------+-------+-------+-------++-------
  Melee: Unarmed           |    69 |    10 |     2 ||    81
         Punch             |     2 |     2 |     5 ||     9
         Bite              |     1 |    10 |     5 ||    16
         Short sword       |       |    41 |    45 ||    86
         Whip              |       |       |     5 ||     5
   Cast: Shock             |       |    17 |    14 ||    31
   Stab: Sleeping          |     5 |     1 |     2 ||     8
 Armour: Animal skin       |    15 |    17 |    33 ||    65
  Dodge: Dodged            |    44 |    32 |    44 ||   120

Table legend: (Time is in decaauts)
 A = Elapsed time spent in this place.
 B = Non-inter-level travel time spent in this place.
 C = Inter-level travel time spent in this place.
 D = Time resting spent in this place.
 E = Time spent auto-exploring this place.
 F = Levels seen in this place.
 G = Mean time per level.
                   A        B        C        D        E       F      G
               +--------+--------+--------+--------+--------+-----+--------+
         Total |   6595 |   6423 |    172 |     23 |   5726 |   6 | 1099.2 |
       Dungeon |   6595 |   6423 |    172 |     23 |   5726 |   6 | 1099.2 |
               +--------+--------+--------+--------+--------+-----+--------+

Top non-repeatable levels by time:
     D:4: 1561 daAuts
     D:5: 1532 daAuts
     D:2: 1020 daAuts
     D:6: 974 daAuts
     D:3: 765 daAuts
     D:1: 740 daAuts
